← All builds
Tech / Armada / Economy first / OBSERVED BUILD

Standard tech

Armada Tech (Eco) build order · Supreme Isthmus

Rushes T2 by 4:15, gets Advanced Metal Extractor around 5:28, hands off T2 constructors to Geo and the team, then scales eco and supplies the team's T2 needs through the rest of the game.

Usually first T2 con to Geo (83%)

#eco #t2 #team support · 1591 distinct matches · 254 players · 60% of Armada Tech games · team won 53% of 1901 · Recently observed

HOW TO PLAY IT

Key timing: T2 factory by 4:15

  1. Open 3 mex and heavy wind to fund a fast T2 rush.
  2. Put down Bot Lab, planning to eat it for reclaim soon after.
  3. Get Advanced Bot Lab up, hitting the T2 factory rush timing.
  4. Upgrade mex to Advanced Metal Extractor to lock in team metal income.
  5. Eat Advanced Bot Lab and keep sending cons to Geo and Pond.

Phase by phase

TYPICAL OF ITS 1591 GAMES
  1. 1
  2. 2
  3. 3
  4. 4
PLAY THE OPENING

Follow the example game's first 6:00 step by step: what to build now, what comes next, and where it goes. At 1× it keeps pace with your own game.

  1. 1

    Up to the Bot Lab

    Economy
    • Metal Extractor3Mex
    • Wind Turbine4Wind
    Order
    1. Bot LabBot Lab after 3 mex, 4 winddone ~1:18, middle half 1:13–1:32

    Some games also: energy storage (31%)

    By 1:01 in all: 3 mex · 4 wind

    The example game in this phase · 5 steps
    1. Mex ×3
    2. Wind ×5
    3. Energy storage
    4. Wind ×2
    5. Bot LabBot Labdone 2:00 · typical 1:18
  2. 2

    Bot Lab to Advanced Bot Lab

    Economy
    • Metal Extractor1Mex
    • Wind Turbine8Wind
    • Energy Storage1Energy storage
    Order
    1. Advanced Bot LabAdvanced Bot Lab after 4 mex, 12 wind, 3 con turretdone ~4:16, middle half 4:04–4:30
    Builders
    • Construction Turret3 Con turret
    • Lazarus3 Lazarus
    • Construction Bot2 Con bot
    • Construction Bot1 Con bot for allies

    Some games also: converter (36%)

    By 3:18 in all: 4 mex · 12 wind · 1 energy storage · 3 con turret

    The example game in this phase · 8 steps
    1. Construction BotCon bot
    2. Wind ×2
    3. LazarusLazarus ×2
    4. Construction BotCon bot
    5. Mex
    6. Con turret ×2
    7. Wind
    8. Advanced Bot LabAdvanced Bot Labdone 4:19 · typical 4:16
  3. 3

    Advanced Bot Lab to 5:00

    Economy
    • Wind Turbine3Wind
    Order
    1. Bot LabEat Bot Lab
    Builders
    • Advanced Construction Bot1 T2 con bot for allies

    Some games also: converter (35%)

    By 5:00 in all: 4 mex · 15 wind · 1 converter · 1 energy storage · 3 con turret

    The example game in this phase · 5 steps
    1. Wind
    2. Bot LabEat Bot Labreclaimed for its metal
    3. Converter
    4. Advanced Construction BotT2 con botfor Geo
    5. Advanced Metal ExtractorT2 mexdone 5:14 · typical 5:28
  4. 4

    5:00 to 10:00

    Economy
    • Wind Turbine43Wind
    • Energy Converter6Converter
    Builders
    • Butler9 Butler
    • Advanced Construction Bot4 T2 con bot for allies
    • Advanced Construction Bot1 T2 con bot

    Some games also: con turret (43%) · Butler for allies (37%)

    By 10:00 in all: 4 mex · 58 wind · 8 converter · 1 energy storage · 3 con turret

    The example game in this phase · 115 steps
    1. Advanced Construction BotT2 con botfor Air
    2. Wind
    3. Advanced Metal ExtractorT2 mex
    4. Wind ×2
    5. Advanced Construction BotT2 con botfor Geo sea
    6. Wind
    7. Con turret
    8. Wind
    9. Advanced Metal ExtractorT2 mex
    10. Wind
    11. Con turret
    12. Wind
    13. Advanced Construction BotT2 con botfor Beach sea
    14. Wind ×7
    15. SharpshooterSniper botdone 8:18
    16. Wind
    17. Advanced Metal ExtractorT2 mex
    18. Wind
    19. Con turret
    20. Wind
    21. CompassRadar bot
    22. ArchangelArchangeldone 8:45
    23. Wind ×2
    24. SprinterSprinter ×2for Pond
    25. Wind
    26. SprinterSprinterfor Pond
    27. Wind
    28. SprinterSprinterfor Pond
    29. Wind
    30. SprinterSprinterfor Pond
    31. Wind ×2
    32. Advanced Construction BotT2 con botfor Pond
    33. Wind
    34. Converter
    35. Wind
    36. Converter
    37. Wind
    38. Converter ×2
    39. Wind
    40. Converter
    41. Wind ×2
    42. Converter
    43. Advanced Construction BotT2 con bot
    44. Converter
    45. ButlerButler
    46. Converter
    47. ButlerButler
    48. ButlerButlerfor Geo sea
    49. Wind
    50. ButlerButlerfor Pond
    51. Wind ×5
    52. Advanced Construction BotT2 con bot
    53. Wind ×6
    54. Con turret
    55. Fusion ReactorFusiondone 12:28
    56. Wind ×2
    57. Con turret
    58. Wind
    59. Converter
    60. Wind
    61. Converter
    62. Wind
    63. Advanced Construction BotT2 con botfor Geo sea
    64. Wind
    65. Converter
    66. Wind ×8
    67. Fusion ReactorFusion
    68. ButlerButler
    69. Wind
    70. ButlerButler
    71. Wind ×2
    72. ButlerButler
    73. Wind
    74. ButlerButler
    75. Wind ×3
    76. Converter
    77. Wind ×4
    78. Converter
    79. Wind ×4
    80. Converter
    81. Wind ×2
    82. Advanced Bot LabEat Advanced Bot Labreclaimed for its metal
    83. Converter
    84. Wind
    85. Converter ×2
    86. Wind
    87. Converter ×2
    88. Advanced Fusion ReactorAdvanced Fusion Reactornot finished by 15:00
    89. Converter
    90. Wind
    91. Con turret
    92. Converter ×2
    93. Wind
    94. Con turret
    95. Converter
    96. Wind
    97. Con turret
    98. Converter
    99. Wind
    100. Con turret
    101. Wind
    102. Converter
    103. Con turret
    104. Wind ×2
    105. Converter
    106. Wind
    107. Con turret
    108. Converter ×2
    109. Wind
    110. Converter ×4
    111. Wind
    112. Converter ×2
    113. Wind
    114. Converter ×3
    115. Wind

Counts are medians over the build's games: half of them build more, half fewer. The example game is gmansawesome's (31 OS, 04/10/2026); pick another.

Team trades

IN AT LEAST 30% OF ITS GAMES

You hand over

  • Construction Bot1 Con bot to Airfirst at 2:23 · in 84% of games
  • Advanced Construction Bot5 T2 con bot to Air or Pond or Geo seafirst at 4:50 · in 99% of games
  • Butler2 Butler to Geo sea or Beach sea or Pondfirst at 9:06 · in 42% of games

You get

  • Hercules1 Light transport from Airfirst at 4:01 · in 86% of games

How it plays out

Typical game of this build, running totals by minute

Metal produced

020k40k
0:005:0010:0015:00

metal

Enemy metal destroyed

050100150
0:005:0010:0015:00

metal

Own metal lost

050100150
0:005:0010:0015:00

metal

1901 games.

Show as table
ByMetal produced: This buildEnemy metal destroyed: This buildOwn metal lost: This build
1:0038300
2:0091500
3:00165200
4:00314400
5:00484800
6:00580200
7:00723000
8:00906500
9:001117900
10:001352400
11:001624200
12:001965200
13:002342800
14:0027285074
15:0031507115130
WHAT THE NUMBERS SAY

Standard Tech play barely fights at all early, instead pouring metal into T2 infrastructure and constructors for the team.

  • + Metal produced hits 31679 by 15:00, by far the highest of any role here.
  • + T2 factory reached in 97% of games by 4:15, fastest and most reliable T2 timing.
  • − Enemy metal destroyed stays at 0 through 10:00, no early offense at all.
  • − Own metal lost also near 0, showing total avoidance of combat risk.
THE EXAMPLE YOU ARE READING

gmansawesome

31.0 OS · 04/10/2026

Open source match ↗

1 received units
1403 metal received · 68233 energy received

Allied construction assistance is unknown. Timings are observations, not a promise of solo reproducibility.

Typical milestones

Bot Lab1:18Middle 50%: 1:13–1:32 · n=1901
Advanced Bot Lab4:16Middle 50%: 4:04–4:30 · n=1894
Advanced Metal Extractor5:28Middle 50%: 5:05–5:59 · n=1897

Played most by

Amrissa97games of this buildTheGeneraI70games of this buildAdeus57games of this buildEl_Turco55games of this buildKOT_45games of this build